 Dungeon Crawl Stone Soup version 0.26.0-45-g9c1d065592 (webtiles) character file.

Game seed: 8997816529599044079

102 trckry the Bolt Thrower (level 4, -1/40 HPs)
             Began as a Tengu Hunter on Jan 28, 2021.
             Slain by an adder (3 damage)
             ... on level 3 of the Dungeon.
             The game lasted 00:04:01 (2440 turns).

trckry the Bolt Thrower (Tengu Hunter)              Turns: 2440, Time: 00:04:02

Health: -1/40      AC: 22    Str: 14    XL:     4   Next: 77%
Magic:  5/5        EV:  2    Int: 11    God:
Gold:   185        SH:  0    Dex: 14    Spells: 3/3 levels left

rFire    . . .     SeeInvis .   b - +0 hand axe (venom)
rCold    . . .     Faith    .   (no shield)
rNeg     + + +     Spirit   .   (armour currently unavailable)
rPois    +         Reflect  .   (helmet currently unavailable)
rElec    .         Harm     .   (cloak currently unavailable)
rCorr    .         Rampage  .   (gloves currently unavailable)
Will     .....     NoTele   +   (boots unavailable)
Stlth    ++........             (no amulet)
HPRegen  0.13/turn              (no ring)
MPRegen  0.09/turn              (no ring)

@: lethally poisoned (-1 -> -4), tree-form, very slightly contaminated,
invisible
A: no striking features
a: no special abilities


You were on level 3 of the Dungeon.
You were a tree.
You visited 1 branch of the dungeon, and saw 3 of its levels.

You collected 185 gold pieces.

Inventory:

Hand Weapons
 a - a +1 hand crossbow
 b - a +0 hand axe of venom (weapon)
Missiles
 d - 20 bolts
Armour
 c - a +0 leather armour (melded)
 h - a +0 pair of gloves (melded)
 m - a scarf of resistance (melded)
Scrolls
 f - 2 scrolls of magic mapping {unknown}
 g - 7 scrolls of identify {unknown}
 n - a scroll of noise {unknown}
Potions
 i - a potion of magic
 l - a potion of haste {unknown}
 o - a potion of curing {unknown}


   Skills:
 + Level 2.6 Fighting
 * Level 5.1 Crossbows
 + Level 1.3 Armour
 + Level 2.7 Dodging
 - Level 1.0 Stealth
 + Level 1.1 Invocations
 + Level 1.3 Evocations


You had 3 spell levels left.
You didn't know any spells.
Your spell library was empty.

Dungeon Overview and Level Annotations

Branches:
Dungeon (3/15)

Altars:
Ashenzari
Qazlal
Vehumet
Xom


Innate Abilities, Weirdness & Mutations

((You have a beak for a mouth.))
((You have claws for feet.))


Message History

Your +0 pair of gloves melds into your body.
Your +0 leather armour melds into your body.
You feel hot and cold all over.
Your roots penetrate the ground.
* * * LOW HITPOINT WARNING * * *
You feel sick.
The centaur hits you but does no damage.
The adder bites you but does no damage.
The centaur hits you but does no damage.
It was a potion of invisibility.
You fade into invisibility!
The adder bites you but does no damage.
The centaur hits you but does no damage.
The adder bites you but does no damage.
You are very lightly contaminated with residual magic.
It was a potion of flight.
Your roots keep you in place.
* * * LOW HITPOINT WARNING * * *
You feel sick.
The centaur hits you but does no damage.
The adder bites you.
You die...

#.# ### ###.# ..
#...# #.##.###
####..#.#
....#.#.###
#.......#
####....#
#S♣.#.......
#.....c....######
#..........#
#..........#
#.>........#
#.....<....#
#..........#
#..........#


You could see a centaur (very poisoned) and an adder.

Vanquished Creatures
  An orc wizard (D:3)
  2 adders (D:2)
  An ufetubus (D:2)
  4 worms
  3 leopard geckos
  2 orcs (D:3)
  2 giant cockroaches
  3 goblins
  6 hobgoblins
  4 kobolds (D:2)
  A quokka (D:2)
  2 bats
  4 frilled lizards (D:1)
  3 rats
38 creatures vanquished.

Notes
Turn   | Place    | Note
-------+----------+-------------------------------------------
     0 | D:1      | trckry the Tengu Hunter began the quest for the Orb.
     0 | D:1      | Reached XP level 1. HP: 12/12 MP: 2/2
   358 | D:1      | Reached XP level 2. HP: 17/17 MP: 3/3
   739 | D:1      | You fall into a shaft and drop 1 floor!
   864 | D:2      | Reached XP level 3. HP: 18/21 MP: 4/4
  1383 | D:2      | Reached skill level 1 in Evocations
  1503 | D:2      | Reached skill level 1 in Armour
  1599 | D:2      | Found a broken altar of Ashenzari.
  1599 | D:2      | Found a stormy altar of Qazlal.
  1648 | D:2      | Found a shimmering altar of Xom.
  1649 | D:2      | Found a shimmering altar of Xom.
  1781 | D:2      | Reached XP level 4. HP: 22/27 MP: 5/5
  1861 | D:2      | Reached skill level 5 in Crossbows
  1986 | D:2      | Reached skill level 1 in Invocations
  2245 | D:3      | Found a radiant altar of Vehumet.
  2432 | D:3      | Noticed a centaur
  2436 | D:3      | HP: 3/27 [adder (3)]
  2440 | D:3      | Slain by an adder

Illustrated notes

Levels and vault maps discovered:
D:1:      tarquinn_simple_flora_water_a, layout_basic,
          hangedman_abyss_or_decor_lesser_grid
D:2:      layout_basic, gammafunk_temple_overflow_elements, serial_aquarium,
          aquarium_bridge_long_joined [aquarium_subvault_bridge,
          aquarium_subvault_wall, aquarium_subvault_wall,
          aquarium_subvault_window, aquarium_subvault_wall,
          aquarium_subvault_wall], aquarium_window_corner, aquarium_window_1,
          aquarium_view_2c, aquarium_view_2f, aquarium_pool_side,
          glass_columns_c, hex_medium, xom_redecorated
D:3:      layout_rooms, lemuel_crystal_altar

Skill      XL: |  1  2  3  4 |
---------------+-------------+-----
Evocations     | 1 |  1.3
Armour         | 1 |  1.3
Crossbows      | 5 |  5.1
Invocations    | 1 |  1.1
Fighting       | |  2.6
Dodging        | |  2.7
Stealth        | |  1.0

Action                   |  1- 3 |  4- 6 || total
-------------------------+-------+-------++-------
Melee: Short sword       |    23 |       ||    23
       Kick              |    13 |     6 ||    19
       Peck              |    10 |     8 ||    18
       Hand axe          |    43 |    24 ||    67
 Fire: Hand crossbow     |     3 |       ||     3
  Use: Potion            |       |     4 ||     4
Armor: Leather armour    |    20 |    10 ||    30
       Skin              |       |     7 ||     7
Dodge: Dodged            |    62 |    15 ||    77
